 Dungeon Crawl Stone Soup version 0.20-a0-435-gf4ea4dd (webtiles) character file.

124 Kriby the Skirmisher (level 4, 0/39 HPs)
             Began as a Mummy Fighter on Jan 5, 2017.
             Slain by Grinder (8 damage)
             ... on level 3 of the Dungeon.
             The game lasted 00:01:31 (1887 turns).

Kriby the Skirmisher (Mummy Fighter)                Turns: 1887, Time: 00:01:31

Health: 0/39       AC:  6    Str: 20    XL:     4   Next: 81%
Magic:  4/4        EV:  7    Int:  7    God:
Gold:   92         SH:  8    Dex: 11    Spells: 3/3 levels left

rFire  x . .     SeeInvis .     a - +0 war axe
rCold  + . .     Gourm    .     b - +0 scale mail
rNeg   + + +     Faith    .     c - +0 shield
rPois  ∞         Spirit   .     (no helmet)
rElec  .         Reflect  .     (no cloak)
rCorr  .         Harm     .     (no gloves)
MR     .....                    (no boots)
Stlth  ..........               (no amulet)
                                (no ring)
                                (no ring)

@: no status effects
A: no food or potions, fire vulnerability, cold resistance 1, negative energy
resistance 3, torment resistance, unbreathing
a: no special abilities


You were on level 3 of the Dungeon.
You were not hungry.

You visited 1 branch of the dungeon, and saw 3 of its levels.

You collected 92 gold pieces.

Inventory:

Hand Weapons
 a - a +0 war axe (weapon)
Missiles
 h - 6 javelins of returning (quivered)
Armour
 b - a +0 scale mail (worn)
 c - a +0 shield (worn)
Scrolls
 d - a scroll of teleportation {unknown}
 e - a scroll of remove curse {unknown}
 f - a scroll of identify {unknown}
 g - a scroll of amnesia {unknown}
 i - a scroll of random uselessness {unknown}


   Skills:
 * Level 5.4 Fighting
 - Level 1.5 Axes
 + Level 0.5 Throwing
 - Level 2.4 Armour
 - Level 2.4 Shields


You had 3 spell levels left.
You didn't know any spells.

Dungeon Overview and Level Annotations

Branches:
Dungeon (3/15)

Altars:
Ashenzari
Qazlal

Annotations:
D:3 Grinder


Innate Abilities, Weirdness & Mutations

You do not eat or drink.
Your flesh is vulnerable to fire.
You are immune to poison.
Your flesh is cold resistant. (rC+)
You are immune to negative energy. (rN+++)
You are immune to unholy pain and torment.
You can survive without breathing.


Message History

Grinder is heavily wounded.
You closely miss the adder. The adder bites you but does no damage.
You block Grinder's attack. The adder bites you.
* * * LOW HITPOINT WARNING * * *
You hit Grinder.
Grinder is heavily wounded.
You miss the adder. The adder bites you but does no damage.
Grinder says, "Just stop there for a second..."
You block Grinder's attack. The adder bites you.
* * * LOW HITPOINT WARNING * * *
You block Grinder's attack. The adder bites you but does no damage.
Grinder blinks!
Grinder blinks!
You barely miss Grinder.
Grinder is heavily wounded.
You hit the adder.
You kill the adder!
Grinder hits you!
You die...

######## ##.......#
..........# .....###..#
##_#####..# .....###..#
.........#
.######.....###############
.......§.†@5'........).....
#####.....#.########.#.##
#.....§(..........# #.#...
#.................# #.#.##
#.......####......# #.#.##
######### #......# #.#.#
#......# #.... #......#
#.... ##.#...# .....


You could see Grinder.

Vanquished Creatures
  Ijyb (D:2)
  Terence (D:3)
  A gnoll (D:1)
  An adder (D:3)
  An ooze (D:1)
  2 dart slugs
  2 leopard geckos (D:1)
  A giant cockroach (D:1)
  10 goblins
  3 hobgoblins (D:1)
  3 jackals (D:1)
  4 kobolds
  2 quokkas
  3 bats
  6 frilled lizards
  5 rats
46 creatures vanquished.

Notes
Turn   | Place    | Note
-------+----------+-------------------------------------------
     0 | D:1      | Kriby the Mummy Fighter began the quest for the Orb.
     0 | D:1      | Reached XP level 1. HP: 18/18 MP: 1/1
   120 | D:1      | Reached XP level 2. HP: 13/24 MP: 2/2
   332 | D:1      | Reached skill level 4 in Fighting
   351 | D:1      | Reached XP level 3. HP: 30/30 MP: 3/3
  1168 | D:2      | Found a stormy altar of Qazlal.
  1249 | D:2      | Noticed Ijyb
  1273 | D:2      | Killed Ijyb
  1273 | D:2      | Reached skill level 5 in Fighting
  1273 | D:2      | Reached XP level 4. HP: 28/39 MP: 4/4
  1662 | D:3      | Noticed Terence
  1671 | D:3      | Killed Terence
  1866 | D:3      | Found a shattered altar of Ashenzari.
  1870 | D:3      | Noticed Grinder
  1875 | D:3      | Paralysed by Grinder for 5 turns
  1887 | D:3      | Slain by Grinder

Vault maps used:
D:1:      nagdon_arrival_double_spiral
D:2:      nicolae_qazlal_eye_of_the_storm, uniq_iyjb
D:3:      cheibrodos_ashenzari_chains, nemelex_lonely_heart_becter,
          uniq_grinder, uniq_jessica, uniq_terence

Skill      XL: |  1  2  3 |
---------------+----------+-----
Fighting       | 4 5 |  5.4
Axes           | |  1.5
Throwing       | |  0.5
Armour         | |  2.4
Shields        | |  2.4

Action                   |  1- 3 |  4- 6 || total
-------------------------+-------+-------++-------
Melee: War axe           |   125 |    37 ||   162
Throw: Javelin           |       |     2 ||     2
Armor: Scale mail        |    62 |    16 ||    78
Dodge: Dodged            |    36 |    17 ||    53
Block: Shield            |    91 |    23 ||   114
